 Dungeon Crawl Stone Soup version 0.25.1-2-g60ff931 (webtiles) character file.

Game seed: 10739903050017923792

9449 Axonometric the Basher (level 11, -4/50 HPs)
             Began as a Gargoyle Fighter on Aug 30, 2020.
             Was a Priest of Hepliaklqana.
             Slain by a balrug
             ... wielding a +2 demon whip of venom
              (9 damage)
             ... on level 2 of the Abyss.
             The game lasted 01:09:39 (7726 turns).

Axonometric the Basher (Gargoyle Fighter)           Turns: 7726, Time: 01:09:40

Health: -4/50      AC: 29    Str: 18 (19) XL:     11   Next: 46%
Magic:  8/8        EV:  8    Int:  6 (9)  God:    Hepliaklqana [***...]
Gold:   527        SH: 10    Dex:  5      Spells: 10/10 levels left

rFire    + . .     SeeInvis +   G - +7 flail
rCold    . . .     Gourm    .   c - +0 kite shield
rNeg     + . .     Faith    .   p - +6 plate armour of Gestures {Slay+2 SInv}
rPois    ∞         Spirit   .   t - +0 helmet
rElec    +         Reflect  .   (no cloak)
rCorr    .         Harm     .   (no gloves)
MR       .....                  (no boots)
Stlth    ..........             l - amulet of regeneration
HPRegen  0.96/turn              e - +4 ring of evasion
MPRegen  0.11/turn              j - ring of protection from fire

@: no status effects
A: reduced essence, [clumsy 2], deterioration 1, [frail 2], [low mp 2], negative
energy resistance 1, regeneration 1, [screaming 2], electricity resistance,
[weak 2], unbreathing, petrification resistance, rot immunity, [subdued magic
2], AC +8
a: Recall Ancestor, Ancestor Identity, Transference, Renounce Religion


You were on level 2 of the Abyss.
You worshipped Hepliaklqana.
Hepliaklqana was most pleased with you.
You were not hungry.

You visited 2 branches of the dungeon, and saw 11 of its levels.
You visited the Abyss 1 time.
You also visited: Bailey.

You collected 527 gold pieces.

Inventory:

Hand Weapons
 G - a +7 flail (weapon)
 I - a +0 whip of flaming
 L - a +0 spear of distortion
Missiles
 g - 22 poisoned darts (quivered)
 s - 9 boomerangs
Armour
 b - a +0 scale mail
 c - a +0 kite shield (worn)
 d - a -1 plate armour
 n - a +0 tower shield
 p - the +6 plate armour of Gestures (worn) {Slay+2 SInv}
   (You found it on level 2 of the Abyss)

   It affects your accuracy and damage with ranged weapons and melee attacks
   (+2).
   It lets you see invisible.
 t - a +0 helmet (worn)
Jewellery
 e - a +4 ring of evasion (left hand)
 j - a ring of protection from fire (right hand)
 k - an uncursed ring of positive energy
 l - an amulet of regeneration (around neck)
 o - an uncursed ring of protection from cold
 u - the ring "Hyipemm" {Ice MP+9, unknown}
   (You found it on level 10 of the Dungeon)

   [ring of ice]

   It enhances your ice magic.
   It makes you vulnerable to fire.
   It protects you from cold.
   It affects your magic capacity (+9).
 B - an uncursed amulet of magic regeneration
 D - an uncursed ring of fire
 E - an uncursed ring of positive energy
 J - a +6 ring of dexterity {unknown}
Wands
 a - a wand of flame (10)
 A - a wand of digging (5)
Scrolls
 i - 3 scrolls of teleportation
 r - a scroll of amnesia
 v - a scroll of fog
 w - 8 scrolls of remove curse
 x - a scroll of fear
 y - a scroll of blinking
Potions
 h - 4 potions of curing
 m - a potion of flight
 q - a potion of heal wounds
 z - 6 potions of lignification
 C - a potion of magic
 H - a potion of might
Miscellaneous
 K - a box of beasts
Comestibles
 f - 24 rations


   Skills:
 - Level 10.0 Fighting
 * Level 12.1 Maces & Flails
 + Level 8.0 Armour
 + Level 8.0 Shields


You had 10 spell levels left.
You didn't know any spells.
Your spell library contained the following spells:

 Spells                   Type           Power        Failure   Level  Hunger
 Magic Dart               Conj           #...         100%        1    ##.....
 Searing Ray              Conj           #.....       100%        2    ###....
 Dazzling Flash           Conj/Hex       #.....       100%        3    ####...
 Fulminant Prism          Conj/Hex       #.........   100%        4    #####..
 Iskenderun's Mystic Bla  Conj/Tloc      #.......     100%        4    #####..


Dungeon Overview and Level Annotations

Branches:
Dungeon (10/15)            Temple (1/1) D:7            Lair (0/6) D:10
 Bailey (visited)
    Orc: D:9-12

Altars:
Ashenzari
Cheibriados
Dithmenos
Elyvilon
Fedhas
Gozag
Hepliaklqana
Kikubaaqudgha
Makhleb
Nemelex Xobeh
Okawaru
Qazlal
Ru
Sif Muna
Trog
Uskayaw
Vehumet
Wu Jian
Xom
Yredelemnul
Zin
The Shining One

Shops:
D:2 *   D:8 *

Annotations:
D:7 1 runed translucent door


Innate Abilities, Weirdness & Mutations

You are resistant to torment.
Your stone body is resilient. (AC +8)
You are immune to poison.
You resist negative energy. (rN+)
You are resistant to electric shocks. (rElec)
You can survive without breathing.
You are immune to petrification.
You are immune to rotting.
Your life essence is reduced to manifest your ancestor. (-10% HP)
Your body sometimes deteriorates upon taking damage.
Your natural rate of healing is unusually fast.
[You are very clumsy. (Dex -4)]
[You are very frail. (-20% HP)]
[Your magical capacity is very low. (-20% MP)]
[You sometimes yell uncontrollably at your foes.]
[You are very weak. (Str -4)]
[Your spells are easier to cast, but less powerful.]


Message History

The thrashing horror tramples you but does no damage.
The thrashing horror tramples you but does no damage.
You block the thrashing horror's attack.
The thrashing horror roars!
The thrashing horror tramples you but does no damage.
You block the thrashing horror's attack.
The balrug gestures at you. The bolt of fire hits you! You resist.
Your body deteriorates!
You feel weakened. The bolt of fire hits you! You resist.
You block the thrashing horror's attack.
The thrashing horror tramples you but does no damage.
The large abomination hits you!
* * * LOW HITPOINT WARNING * * *
Your body deteriorates!
You feel dopey.
Unknown command.
The balrug hits you with a +2 demon whip of venom!
* * * LOW HITPOINT WARNING * * *
You are engulfed in flames!
You resist.
You die...

#.# ..# .# ##.## #. .
.###...###.. .#.#
.#.....#.....#.. # .#
............... .#.
.#.....#.....# ..##.#
#...# ...# .##.## #.##
##X##
#.#.###.).###X@.##
..##..#.....#..2..#.
v####..G.
...*......... #
.#...#.....#.....#....
##G# ###..4###...##
... .. #### ##.##
##.## .# . .. #...#
...# . ....# #.....#
....# .... ........ .
.....


You could see a balrug, a wretched star, a thrashing horror, a large abomination
and a chaos spawn.

Vanquished Creatures
  Erica (D:8)
  Pikel (D:9)
  2 deep elf magi (Bailey)
  An ancient zyme (Abyss:2)
  A tormentor (Abyss:2)
  A hippogriff (D:7)
  A wraith (Abyss:2)
  A large abomination (Abyss:2)
  3 yaks (D:8)
  Eustachio (D:5)
  Menkaure (D:6)
  Duvessa (D:7)
  A water moccasin (D:6)
  An ice beast (D:6)
  A sky beast (D:6)
  2 orc warriors (D:8)
  4 phantoms
  A necrophage (D:8)
  10 ogres
  A black bear (D:8)
  2 centaurs
  4 bullfrogs
  2 big kobolds (D:8)
  2 scorpions
  9 killer bees
  3 wights (D:8)
  A centaur zombie (D:5)
  2 bullfrog zombies
  6 crimson imps
  2 jellies (D:8)
  A bullfrog skeleton (D:6)
  A quasit (D:10)
  6 orc priests
  A hound (D:9)
  5 orc wizards
  Jessica (D:2)
  A centaur skeleton (D:8)
  Terence (D:2)
  5 iguanas
  6 worker ants
  5 hound skeletons
  A howler monkey zombie (D:7)
  4 gnolls
  13 adders
  2 shadow imps
  2 oozes (D:1)
  3 adder skeletons
  2 worms (D:2)
  2 dart slugs
  4 leopard geckos
  27 orcs
  6 giant cockroaches
  13 goblins
  9 hobgoblins
  16 jackals
  9 kobolds
  5 quokkas
  3 ball pythons
  7 bats
  3 frilled lizards
  2 leopard gecko skeletons
  A quokka skeleton (D:6)
  11 rats
247 creatures vanquished.

Vanquished Creatures (collateral kills)
  A two-headed ogre (D:9)
  A small abomination (Abyss:2)
  A golden eye (Abyss:2)
  A hungry ghost (Abyss:2)
  Dowan (D:7)
  A wight (D:8)
  A crimson imp (D:6)
  A bullfrog zombie (D:7)
  A bullfrog skeleton (D:8)
  A gnoll (D:10)
  An adder (D:8)
  3 orcs (D:8)
  A jackal (D:9)
  A kobold (D:8)
16 creatures vanquished.

Vanquished Creatures (others)
  A deep elf mage (Bailey)
  3 hexers (Abyss:2)
  3 ancestors
  4 starspawn tentacles (Abyss:2)
11 creatures vanquished.

Grand Total: 274 creatures vanquished

Notes
Turn   | Place    | Note
-------+----------+-------------------------------------------
     0 | D:1      | Axonometric the Gargoyle Fighter began the quest for the
                  | Orb.
     0 | D:1      | Reached XP level 1. HP: 14/14 MP: 1/1
    94 | D:1      | Reached XP level 2. HP: 20/20 MP: 2/2
   249 | D:1      | Reached XP level 3. HP: 24/24 MP: 3/3
   558 | D:1      | Reached skill level 5 in Fighting
   778 | D:2      | Reached XP level 4. HP: 30/31 MP: 4/4
   878 | D:2      | Noticed Jessica
   879 | D:2      | Noticed an ogre
   926 | D:2      | Killed Jessica
   967 | D:2      | Killed an ogre
   967 | D:2      | Reached skill level 3 in Maces & Flails
   967 | D:2      | Reached XP level 5. HP: 36/36 MP: 5/5
  1048 | D:2      | Found a blossoming altar of Fedhas.
  1110 | D:2      | Found a glowing golden altar of the Shining One.
  1138 | D:2      | Noticed Terence
  1159 | D:2      | Killed Terence
  1159 | D:2      | Reached XP level 6. HP: 42/42 MP: 6/6
  1186 | D:2      | Found Zin's Purification Station.
  1203 | D:2      | Found a glowing silver altar of Zin.
  1545 | D:2      | Gained mutation: Your body sometimes deteriorates upon
                  | taking damage. [potion of mutation]
  1545 | D:2      | Gained mutation: Your natural rate of healing is unusually
                  | fast. [potion of mutation]
  1987 | D:3      | Reached skill level 4 in Maces & Flails
  2566 | D:4      | Reached XP level 7. HP: 47/47 MP: 7/7
  2734 | D:4      | Found a basalt altar of Yredelemnul.
  2734 | D:4      | Found a glowing golden altar of the Shining One.
  2738 | D:4      | Noticed an angel
  2746 | D:4      | Noticed a profane servitor
  2822 | D:4      | Reached skill level 5 in Maces & Flails
  3269 | D:5      | Entered Level 5 of the Dungeon
  3360 | D:4      | Reached skill level 6 in Maces & Flails
  3475 | D:5      | Reached XP level 8. HP: 54/54 MP: 8/8
  3514 | D:5      | Noticed Eustachio
  3558 | D:5      | Killed Eustachio
  3558 | D:5      | Reached skill level 7 in Maces & Flails
  3561 | D:5      | Found a radiant altar of Vehumet.
  3618 | D:5      | Found a sacrificial altar of Ru.
  4119 | D:5      | Reached skill level 8 in Maces & Flails
  4431 | D:6      | Reached XP level 9. HP: 57/59 MP: 9/9
  4442 | D:6      | Found a hazy altar of Hepliaklqana.
  4446 | D:6      | Became a worshipper of Hepliaklqana the Forgotten
  4545 | D:6      | Noticed Menkaure
  4553 | D:6      | Killed Menkaure
  4578 | D:6      | Reached skill level 9 in Maces & Flails
  5132 | D:7      | Reached skill level 5 in Armour
  5151 | D:7      | Noticed Duvessa
  5151 | D:7      | Noticed Dowan
  5152 | D:7      | Found an iron altar of Okawaru.
  5159 | D:7      | Killed Duvessa
  5159 | D:7      | Reached skill level 5 in Shields
  5163 | D:7      | Killed Dowan
  5182 | D:7      | Found a staircase to the Ecumenical Temple.
  5192 | Temple   | Entered the Ecumenical Temple
  5417 | D:7      | Found a glowing golden altar of the Shining One.
  5417 | D:7      | Noticed an angel
  5418 | D:7      | Found a runed translucent door.
  5558 | D:7      | Reached * piety under Hepliaklqana
  5840 | D:8      | Noticed Erica
  5859 | D:8      | Killed Erica
  5859 | D:8      | Reached skill level 10 in Maces & Flails
  5859 | D:8      | Reached XP level 10. HP: 57/59 MP: 10/10
  5880 | D:8      | Found an opulent altar of Gozag.
  6035 | D:8      | You fall into a shaft and drop 1 floor!
  6037 | D:9      | Noticed a two-headed ogre
  6164 | D:8      | Found Gozag's Platinum Reserve.
  6631 | D:8      | Reached skill level 11 in Maces & Flails
  6647 | D:9      | Killed a two-headed ogre
  6799 | D:9      | Noticed Pikel
  6812 | D:9      | Killed Pikel
  6812 | D:9      | Reached XP level 11. HP: 60/64 MP: 11/11
  6866 | D:9      | Reached skill level 10 in Fighting
  7093 | D:9      | Reached ** piety under Hepliaklqana
  7124 | D:9      | Remembered your ancestor Isometric as a hexer
  7130 | D:10     | Entered Level 10 of the Dungeon
  7199 | D:10     | Got a fine jade ring
  7272 | D:10     | Found a flagged portal.
  7286 | Bailey   | Entered a bailey
  7294 | Bailey   | Noticed a deep elf mage
  7299 | Bailey   | Killed a deep elf mage
  7307 | Bailey   | Noticed a deep elf mage
  7308 | Bailey   | Noticed a deep elf mage
  7310 | Bailey   | Noticed a deep elf mage
  7313 | Bailey   | Noticed a deep elf mage
  7314 | Bailey   | Killed a deep elf mage
  7314 | Bailey   | Killed a deep elf mage
  7326 | Bailey   | Cast into level 2 of the Abyss (deep elf mage)
  7334 | Abyss:2  | Got a twisted plate armour
  7349 | Abyss:2  | Noticed a large abomination
  7364 | Abyss:2  | Identified the +6 plate armour of Gestures {Slay+2 SInv}
                  | (You found it on level 2 of the Abyss)
  7490 | Abyss:2  | Noticed a balrug
  7513 | Abyss:2  | Found a corrupted altar of Lugonu.
  7585 | Abyss:2  | Reached skill level 12 in Maces & Flails
  7612 | Abyss:2  | Noticed a tentacled starspawn
  7625 | Abyss:2  | Noticed a wretched star
  7640 | Abyss:2  | Noticed a starcursed mass
  7646 | Abyss:2  | Reached *** piety under Hepliaklqana
  7669 | Abyss:2  | Noticed a thrashing horror
  7672 | Abyss:2  | Noticed a brown very ugly thing
  7705 | Abyss:2  | Noticed a great orb of eyes
  7717 | Abyss:2  | Noticed a wretched star
  7722 | Abyss:2  | Noticed a balrug
  7726 | Abyss:2  | Slain by a balrug

Illustrated notes

Levels and vault maps discovered:
D:1:      lightli_arrival_isolated_outpost, layout_loops_ring,
          minmay_tetromino_l4
D:2:      layout_rooms, fedhas_altar_1, zin_purify, first_ration,
          nicolae_tso_carved_into_rock, uniq_terence, uniq_jessica
D:3:      layout_loops_ring, serial_glass, glass_columns_b, glass_columns_c
D:4:      layout_basic, grunt_temple_overflow_holy_war
D:5:      layout_cave_pods, nicolae_overflow_hidden_temple,
          lemuel_crystal_altar, uniq_eustachio
D:6:      layout_basic, marbit_many_paths, uniq_menkaure
D:7:      layout_loops_ring, okawaru_trees_2, temple_statues,
          lemuel_angel_altar, uniq_duvessa
D:8:      layout_gridville, nicolae_gozag_zags_fifth_avenue, grunt_ogre_cave,
          minmay_fractal_squares_5, uniq_erica
D:9:      layout_roguey, uniq_pikel
D:10:     minmay_the_grid_3x3 [minmay_the_grid_plusring,
          minmay_the_grid_stretched_grid, minmay_the_grid_empty,
          minmay_the_grid_holed_spiral, minmay_the_grid_expand,
          minmay_the_grid_tree, minmay_the_grid_zigzag_pyramid,
          minmay_the_grid_odd_star, minmay_the_grid_prize_inner_circle],
          layout_basic, enter_bailey_7, minmay_shattered_shrine
Temple:   nicolae_temple_figure_eight
Abyss:2:  base: D:7, lemuel_flamethrower_3, minivault_13, evilmike_abyss_exit_13
Bailey:   bailey_polearm_3, bailey

Skill      XL: |  1  2  3  4  5  6  7  8  9 10 11 |
---------------+----------------------------------+-----
Fighting       | 4 5 6 7 8 9 10 | 10.0
Maces & Flails | 3 4 6 8 10 11 12 | 12.1
Armour         | 4 5 7 8 |  8.0
Shields        | 4 5 7 8 |  8.0

Action                   |  1- 3 |  4- 6 |  7- 9 | 10-12 || total
-------------------------+-------+-------+-------+-------++-------
Melee: Flail             |   113 |   213 |   409 |   272 ||  1007
Throw: Dart              |       |       |     5 |       ||     5
Invok: Ancestor Identity |       |       |     1 |       ||     1
       Recall Ancestor   |       |       |       |     2 ||     2
       Ancestor Life: He |       |       |       |     1 ||     1
  Use: Scroll            |     4 |     6 |     8 |     5 ||    23
       Potion            |       |     4 |     5 |     2 ||    11
 Stab: Distracted        |       |       |     3 |     1 ||     4
       Invisible         |       |       |       |     3 ||     3
  Eat: Chunk             |       |     3 |    11 |     5 ||    19
       Ration            |       |     1 |       |     2 ||     3
Armor: Scale mail        |    45 |    94 |   163 |       ||   302
       Plate armour      |       |       |    15 |   201 ||   216
Dodge: Dodged            |    29 |    79 |   203 |   120 ||   431
Block: Kite shield       |    49 |   114 |   199 |   182 ||   544
